 Dungeon Crawl Stone Soup version 0.21-a0-496-g696f58f (webtiles) character file.

6685 KristoblXynda the Thrower (level 11, -12/57 HPs)
             Began as a Tengu Hunter on Nov 23, 2017.
             Mangled by a manticore (17 damage)
             ... on level 9 of the Dungeon.
             The game lasted 00:32:46 (12248 turns).

KristoblXynda the Thrower (Tengu Hunter)           Turns: 12248, Time: 00:32:47

Health: -12/57     AC: 15    Str: 15    XL:     11   Next: 3%
Magic:  12/12      EV: 20    Int: 16    God:
Gold:   446        SH:  0    Dex: 20    Spells: 10/10 levels left

rFire    . . .     SeeInvis .   A - +2 dagger (speed)
rCold    . . .     Gourm    .   (no shield)
rNeg     + + .     Faith    .   P - +4 scale mail
rPois    +         Spirit   .   (helmet restricted)
rElec    .         Reflect  .   E - +1 cloak {rPois}
rCorr    .         Harm     .   o - +1 pair of gloves
MR       ++++.     Clarity  +   (boots unavailable)
Stlth    ++++......             B - amulet of the Four Winds {rN+ MR+++ Clar}
HPRegen  0.19/turn              y - ring of protection from magic
MPRegen  0.13/turn              r - ring of positive energy

@: agile, barbed spikes
A: beak, talons 3, blink, clever 2, able to fly 1
a: Fly, Blink


You were on level 9 of the Dungeon.
You were not hungry.

You visited 2 branches of the dungeon, and saw 10 of its levels.
You visited the Abyss 1 time.

You collected 446 gold pieces.

Inventory:

Hand Weapons
 p - a +1 blowgun
 A - a +2 dagger of speed (weapon)
Missiles
 c - 8 javelins (quivered)
 i - 13 poisoned needles
 l - 8 tomahawks of returning
Armour
 o - a +1 pair of gloves (worn)
 C - the cursed +1 chain mail of Joy {rC+, unknown}
   (You found it on level 5 of the Dungeon)

   It protects you from cold.
   It has a curse placed upon it.
 D - a cursed +0 pair of boots
 E - a +1 cloak of poison resistance (worn)
 M - a +0 buckler
 P - a +4 scale mail (worn)
Jewellery
 r - a ring of positive energy (right hand)
 y - a ring of protection from magic (left hand)
 z - an uncursed amulet of magic regeneration
 B - the amulet of the Four Winds (around neck) {rN+ MR+++ Clar}
   (You found it on level 7 of the Dungeon)

   [amulet of nothing]

   It protects you from negative energy.
   It affects your resistance to hostile enchantments.
   It protects you against confusion.
 K - a cursed amulet of inaccuracy
Wands
 a - a wand of enslavement (11)
 G - a wand of iceblast (10)
 I - a wand of paralysis (13)
Scrolls
 g - 3 scrolls of teleportation
 m - 3 scrolls of amnesia
 n - a scroll of magic mapping
 q - a scroll of enchant armour
 w - a scroll of remove curse
 F - a scroll of fog
 L - a scroll of holy word
Potions
 b - a potion of ambrosia {unknown}
 e - a potion of invisibility
 h - a potion of berserk rage {unknown}
 j - a potion of lignification {unknown}
 k - a potion of haste {unknown}
 s - 3 potions of flight
 u - a potion of brilliance {unknown}
 v - 2 potions of agility
 x - a potion of cancellation {unknown}
Comestibles
 f - 10 bread rations
 t - 3 fruits
 H - a meat ration
 N - 4 royal jellies


   Skills:
 - Level 2.0 Fighting
 - Level 2.0 Short Blades
 + Level 10.4 Throwing
 - Level 4.0 Armour
 + Level 9.2 Dodging
 - Level 10.3 Stealth
 + Level 1.4 Shields


You had 10 spell levels left.
You didn't know any spells.

Dungeon Overview and Level Annotations

Branches:
Dungeon (9/15)             Temple (1/1) D:7            Lair (0/6) D:8
    Orc: D:9-12

Altars:
Ashenzari
Cheibriados
Dithmenos
Fedhas
Gozag
Hepliaklqana
Makhleb
Nemelex Xobeh
Qazlal
Ru
Sif Muna
Trog
Uskayaw
Vehumet
Xom
Yredelemnul
Zin
The Shining One

Annotations:
D:8 exclusions: ice statue and orange crystal statue


Innate Abilities, Weirdness & Mutations

You have a beak for a mouth.
You have claws for feet.
You can fly.
You can translocate small distances at will.
Your mind is very acute. (Int +4)


Message History

The manticore bites you.
* * * LOW HITPOINT WARNING * * *
The manticore closely misses you. The manticore completely misses you.
Quivering
d - a throwing net for throwing.
Throwing (i - inventory. (,) - cycle):
d - a throwing net (quivered)
Press: ? - help, Shift-Dir - straight line, f/p - manticore
Aim: a manticore (heavily wounded, poisoned)
You throw a throwing net.
The throwing net completely misses the manticore.
The manticore barely misses you. The manticore completely misses you.
The manticore closely misses you.
You hit the manticore. Your kick misses the manticore.
You peck the manticore, but do no damage.
The manticore is severely wounded.
Unknown command.
You hit the manticore. Your kick misses the manticore.
You peck the manticore, but do no damage.
The manticore is severely wounded.
The manticore bites you!
You die...

..≈≈≈≈#≈≈≈≈...
(....≈≈≈≈#≈..#
........≈≈≈... #..
........... )## #..
...(......# ..# #.#
....(.....####.#####.#
.....(....'...........
......H...####.#####.#
.......@..# #..# #.#
#####.....# ##.## #.#
#.....# #..# #.#
#.....# ##.###'###
#.....# #........
#.....# ##.......
####### #.......
##%.†... #%#'###


You could see a manticore.

Vanquished Creatures
  3 two-headed ogres
  A human (D:7)
  2 basilisks (D:8)
  4 hogs (D:7)
  Menkaure (D:4)
  2 porcupines
  Crazy Yiuf (D:5)
  Duvessa (D:4)
  An orc warrior (D:9)
  A sky beast (D:5)
  A necrophage (D:7)
  2 ogres
  3 black bears
  A phantom (D:5)
  A centaur (D:6)
  2 crocodiles (D:8)
  A wolf (D:8)
  Blork the orc (D:4)
  A gnoll sergeant (D:8)
  4 bullfrogs
  Dowan (D:4)
  A scorpion (D:8)
  4 killer bees
  A howler monkey (D:8)
  An electric eel (D:7)
  A centaur zombie (D:5)
  A crimson imp (D:5)
  6 orc priests
  2 centaur skeletons
  4 hounds
  2 jellies
  10 orc wizards
  Jessica (D:2)
  Natasha (twice) (D:3)
  3 iguanas
  7 worker ants
  A hound zombie (D:5)
  2 hound skeletons
  Robin (D:3)
  5 gnolls (D:8)
  A howler monkey skeleton (D:9)
  9 adders
  9 river rats (D:5)
  2 shadow imps
  An ooze (D:2)
  2 adder zombies
  An adder skeleton (D:4)
  2 worms
  2 dart slugs (D:2)
  4 leopard geckos
  25 orcs
  10 giant cockroaches
  14 goblins
  10 hobgoblins
  6 jackals
  7 kobolds
  9 quokkas
  A ball python (D:1)
  12 bats
  6 frilled lizards
  A leopard gecko skeleton (D:8)
  A leopard gecko zombie (D:8)
  24 rats
249 creatures vanquished.

Vanquished Creatures (others)
  The ghost of KristoblXynda the Chucker, a novice TeHu (D:5)
  A dart slug (D:2)
  3 fungi
  2 plants (D:8)
7 creatures vanquished.

Grand Total: 256 creatures vanquished

Notes
Turn   | Place    | Note
-------+----------+-------------------------------------------
     0 | D:1      | KristoblXynda the Tengu Hunter began the quest for the Orb.
     0 | D:1      | Reached XP level 1. HP: 12/12 MP: 2/2
   106 | D:1      | Reached XP level 2. HP: 16/17 MP: 3/3
   481 | D:1      | Reached XP level 3. HP: 7/21 MP: 4/4
  1319 | D:2      | Reached XP level 4. HP: 16/26 MP: 5/5
  1421 | D:2      | Noticed Jessica
  1435 | D:2      | Killed Jessica
  1446 | D:2      | Found a radiant altar of Vehumet.
  2013 | D:3      | Gained mutation: You can fly. [Tengu growth]
  2013 | D:3      | Reached XP level 5. HP: 30/30 MP: 6/6
  2043 | D:3      | Noticed Robin
  2053 | D:3      | Killed Robin
  2592 | D:3      | Reached skill level 5 in Throwing
  2602 | D:3      | Reached XP level 6. HP: 10/35 MP: 4/7
  2829 | D:3      | Noticed Natasha
  2839 | D:3      | Killed Natasha
  3338 | D:3      | Noticed Natasha
  3347 | D:3      | Killed Natasha
  3472 | D:3      | Reached skill level 1 in Armour
  3612 | D:4      | Noticed Menkaure
  4067 | D:4      | Noticed Duvessa
  4067 | D:4      | Noticed Dowan
  4265 | D:4      | Killed Duvessa
  4265 | D:4      | Reached XP level 7. HP: 20/40 MP: 8/8
  4274 | D:4      | Killed Dowan
  4562 | D:4      | Killed Menkaure
  4562 | D:4      | Reached skill level 5 in Stealth
  4659 | D:4      | Noticed Blork the orc
  4665 | D:4      | Killed Blork the orc
  4795 | D:5      | Entered Level 5 of the Dungeon
  4907 | D:5      | Noticed KristoblXynda's ghost (novice TeHu)
  5020 | D:5      | Reached XP level 8. HP: 44/44 MP: 9/9
  5025 | D:5      | Gained mutation: You can translocate small distances at will. [mutagenic meat]
  5026 | D:5      | Gained mutation: Your mind is acute. (Int +2) [mutagenic meat]
  5027 | D:5      | Gained mutation: Your mind is very acute. (Int +4) [mutagenic meat]
  5243 | D:5      | Got an opal-studded chain mail
  5757 | D:5      | Reached skill level 1 in Short Blades
  6566 | D:5      | Found a runed door.
  6570 | D:5      | Noticed Crazy Yiuf
  6610 | D:5      | Your ally KristoblXynda died
  6629 | D:5      | Killed Crazy Yiuf
  7545 | D:6      | Reached skill level 5 in Dodging
  7545 | D:6      | Reached XP level 9. HP: 48/48 MP: 10/10
  7923 | D:6      | Found a sacrificial altar of Ru.
  8094 | D:7      | Found a sparkling altar of Nemelex Xobeh.
  8407 | D:7      | Found the amulet of the Four Winds {rN+ MR+++ Clar}
  8519 | D:7      | Found a glowing golden altar of the Shining One.
  8549 | D:7      | Found a staircase to the Ecumenical Temple.
  8775 | D:7      | Noticed a two-headed ogre
  8810 | D:7      | Killed a two-headed ogre
  9629 | D:7      | Reached XP level 10. HP: 35/53 MP: 11/11
  9776 | D:8      | Noticed a two-headed ogre
  9900 | D:8      | Noticed Psyche
 10193 | D:8      | Cast into level 1 of the Abyss (gnoll sergeant)
 10219 | D:8      | Escaped the Abyss
 10648 | D:8      | Killed a two-headed ogre
 10696 | D:8      | Found a shimmering altar of Xom.
 10760 | D:8      | Noticed a two-headed ogre
 10948 | Temple   | Entered the Ecumenical Temple
 11242 | D:8      | Noticed an orange crystal statue
 11408 | D:8      | Found a staircase to the Lair.
 11441 | D:8      | Reached skill level 10 in Stealth
 11445 | D:8      | Reached skill level 10 in Throwing
 11531 | D:8      | Killed a two-headed ogre
 11565 | D:8      | Noticed an ice statue
 11821 | D:9      | Noticed a manticore
 12126 | D:9      | Reached skill level 1 in Shields
 12126 | D:9      | Reached XP level 11. HP: 46/57 MP: 12/12
 12248 | D:9      | Mangled by a manticore

Vault maps used:
D:1:      minmay_arrival_stair_chambers
D:2:      fiery_altar_vehumet, minmay_pentomino_o2, uniq_jessica
D:3:      uniq_robin, uniq_natasha
D:4:      uniq_duvessa, uniq_blork_the_orc, uniq_menkaure
D:5:      lemuel_ratsnest, first_bread, uniq_crazy_yiuf_cottage
D:6:      nicolae_ru_path_of_blood
D:7:      kennysheep_little_box, nicolae_tso_swordbearing_angel, temple_statues,
          serial_bayou_pond_c, grunt_livestock, hangedman_decor_opposing,
          kennysheep_another_room, dk_noncrumbling_2, moated_statue
D:8:      minmay_separated_statues, lemuel_crystal_altar,
          minmay_lair_entry_grove, minmay_holes, uniq_psyche
D:9:      chequers_temple_overflow_statue_of_worship, orc_0_dummy, serial_shops,
          shop, nicolae_lava_and_water
Temple:   nicolae_temple_god_jail

Skill      XL: |  1  2  3  4  5  6  7  8  9 10 |
---------------+-------------------------------+-----
Stealth        | 2 3 4 5 7 8 10 | 10.3
Dodging        | 3 4 5 7 9 |  9.2
Throwing       | 5 6 7 9 10 | 10.4
Armour         | 2 3 4 |  4.0
Short Blades   | 2 |  2.0
Shields        | 1 |  1.4
Fighting       | |  2.0

Action                   |  1- 3 |  4- 6 |  7- 9 | 10-12 || total
-------------------------+-------+-------+-------+-------++-------
Melee: Short sword       |   101 |    67 |       |       ||   168
       Kick              |    24 |    52 |    97 |    90 ||   263
       Peck              |    14 |    32 |    74 |    39 ||   159
       Dagger            |       |   133 |   420 |   243 ||   796
       Unarmed           |       |     1 |       |       ||     1
 Fire: Blowgun           |       |       |    50 |   117 ||   167
Throw: Tomahawk          |       |    33 |    24 |    13 ||    70
       Javelin           |       |     2 |     3 |     1 ||     6
       Throwing net      |       |     1 |       |     1 ||     2
 Abil: Fly               |       |     1 |     4 |     2 ||     7
Evoke: Wand              |       |       |     1 |       ||     1
  Use: Scroll            |       |    14 |     4 |     4 ||    22
       Potion            |       |     3 |     2 |     1 ||     6
 Stab: Sleeping          |     4 |     4 |     7 |     2 ||    17
       Held in net/web   |       |     2 |       |       ||     2
  Eat: Chunk             |     1 |     8 |    15 |     7 ||    31
       Fruit             |       |     2 |     7 |     2 ||    11
Armor: Leather armour    |    40 |    25 |       |       ||    65
       Ring mail         |       |     7 |    96 |    29 ||   132
       Scale mail        |       |       |       |    53 ||    53
Dodge: Dodged            |    87 |    93 |   202 |   150 ||   532

Table legend:
 A = Spawn XP
 B = Non-spawn XP
 C = Spawn XP percentage of total XP
 D = Spawn monster count
 E = Non-spawn monster count
 F = Spawn count percentage of total count
 G = Total turns spent on level
                    A         B        C        D         E        F      G
               +---------+---------+-------+---------+---------+-------+---------
         Total |       0 |    9551 |   0.0 |       0 |     249 |   0.0 | 12248
               +---------+---------+-------+---------+---------+-------+---------
           D:1 |       0 |      47 |   0.0 |       0 |      29 |   0.0 |  1142
           D:2 |       0 |     116 |   0.0 |       0 |      32 |   0.0 |   843
           D:3 |       0 |     319 |   0.0 |       0 |      37 |   0.0 |  1663
           D:4 |       0 |     616 |   0.0 |       0 |      15 |   0.0 |  1160
           D:5 |       0 |     761 |   0.0 |       0 |      44 |   0.0 |  2140
           D:6 |       0 |     821 |   0.0 |       0 |      21 |   0.0 |  1045
           D:7 |       0 |    2286 |   0.0 |       0 |      16 |   0.0 |  1958
           D:8 |       0 |    3834 |   0.0 |       0 |      42 |   0.0 |  1818
           D:9 |       0 |     751 |   0.0 |       0 |      13 |   0.0 |   401
               +---------+---------+-------+---------+---------+-------+---------
